 Dungeon Crawl Stone Soup version 0.30.1-1-g62c8e00024 (webtiles) character file.

Game seed: 8768795528311414308

29248 monsoonserge the Severer (level 13, -4/125 HPs)
             Began as a Hill Orc Fighter on July 16, 2023.
             Was the Champion of Okawaru.
             Slain by a spark wasp (15 damage)
             ... on level 1 of the Spider Nest.
             The game lasted 00:42:31 (14086 turns).

monsoonserge the Severer (Hill Orc Fighter)        Turns: 14086, Time: 00:42:33

Health: -4/125     AC: 25    Str: 24    XL:     13   Next: 44%
Magic:  17/19      EV: 14    Int:  6    God:    Okawaru [******]
Gold:   822        SH:  7    Dex: 12    Spells: 12/12 levels left

rFire   . . .        a - +2 war axe (vamp)
rCold   . . .        c - +0 buckler
rNeg    + . .        O - +3 plate armour
rPois   +            (no helmet)
rElec   .            l - +2 cloak of the Shore {Drain +Blink Int+3}
rCorr   .            V - +0 pair of gloves "Taskoh" {rPois Int-5 Dex+2}
SInv    .            (no boots)
Will    .....        (no amulet) Stlth
                     g - +5 ring of evasion
HPRegen 0.40/turn    p - ring of positive energy
MPRegen 0.16/turn

%: no passive effects
@: lethally poisoned (-4 -> -15), heroic
A: no striking features
a: Renounce Religion, Evoke Blink, Heroism, Finesse, Duel


You were on level 1 of the Spider Nest.
You worshipped Okawaru.
Okawaru was exalted by your worship.
You visited 4 branches of the dungeon, and saw 16 of its levels.
You also visited: Ossuary and Bailey.

You collected 900 gold pieces.
You spent 78 gold pieces at shops.

Inventory:

Hand Weapons
 a - a +2 vampiric war axe (weapon)
 b - a +2 war axe of electrocution
 N - a +4 arbalest
 Q - the +6 bardiche "Mify" {flame, rPois}
   (You found it in a bailey)

   rPois:     It protects you from poison.
Missiles
 k - 18 poisoned darts (quivered)
 t - 12 javelins
 E - 2 boomerangs
Armour
 c - a +0 buckler (worn)
 l - the +2 cloak of the Shore (worn) {Drain +Blink Int+3}
   (Okawaru gifted it to you in a bailey)

   Int:       It affects your intelligence (+3).
   +Blink:    It lets you blink.
   Drain:     It drains your maximum health when unequipped.
 O - a +3 plate armour (worn)
 V - the +0 pair of gloves "Taskoh" (worn) {rPois Int-5 Dex+2}
   (Okawaru gifted it to you on level 12 of the Dungeon)

   Int:       It affects your intelligence (-5).
   Dex:       It affects your dexterity (+2).
   rPois:     It protects you from poison.
 W - a +3 chain mail of poison resistance
Jewellery
 g - a +5 ring of evasion (left hand)
 p - a ring of positive energy (right hand)
 F - a ring of wizardry
 M - a ring of protection from fire
 R - a ring of resist corrosion
 S - a ring of willpower
Wands
 J - a wand of flame (29)
 U - a wand of iceblast (1)
Scrolls
 e - 9 scrolls of identify {unknown}
 f - 2 scrolls of amnesia {unknown}
 h - 3 scrolls of poison {unknown}
 o - 3 scrolls of vulnerability {unknown}
 q - 7 scrolls of torment {unknown}
 r - a scroll of fog {unknown}
 x - 5 scrolls of enchant armour
 y - 2 scrolls of enchant weapon {unknown}
 z - a scroll of butterflies {unknown}
 A - 3 scrolls of blinking {unknown}
 B - 4 scrolls of immolation {unknown}
 C - a scroll of noise {unknown}
 D - 4 scrolls of magic mapping {unknown}
 G - 2 scrolls of silence {unknown}
 H - 7 scrolls of teleportation
 I - 2 scrolls of fear {unknown}
Potions
 d - 3 potions of might
 i - a potion of berserk rage {unknown}
 j - 9 potions of curing
 m - 2 potions of mutation {unknown}
 n - 3 potions of lignification {unknown}
 s - a potion of haste
 u - 6 potions of heal wounds
 v - 3 potions of brilliance {unknown}
 w - 5 potions of attraction {unknown}
 K - 4 potions of cancellation {unknown}
 P - a potion of ambrosia {unknown}
Miscellaneous
 L - a piece from Xom's chessboard (15/15)
 T - a tin of tremorstones (1/2)


   Skills:
 + Level 14.9(19.9) Fighting
 + Level 16.9(21.9) Axes
 + Level 2.3(7.3) Throwing
 + Level 9.9(14.9) Armour
 - Level 1.0(6.0) Dodging
 + Level 0.6(5.6) Stealth
 + Level 6.7(11.7) Shields
 * Level 9.0 Invocations
 * Level 5.5 Evocations


You had 12 spell levels left.
You didn't know any spells.
Your spell library contained the following spells:

 Spells                   Type           Power      Damage    Failure   Level
 Blink                    Tloc           0%         N/A       100%        2
 Cigotuvi's Dreadful Rot  Necr/Pois/Air  0%         N/A       100%        2
 Lesser Beckoning         Tloc           0%         N/A       100%        2
 Momentum Strike          Conj/Tloc      0%         3d8       100%        2
 Frozen Ramparts          Ice            0%         1d1       100%        3
 Ignite Poison            Fire/Tmut/Pois 0%         N/A       100%        3
 Ice Form                 Ice/Tmut       0%         N/A       100%        4
 Blade Hands              Tmut           0%         N/A       100%        5
 Freezing Cloud           Conj/Ice/Air   0%         6-21      100%        5
 Iron Shot                Conj/Erth      0%         9d1       100%        6
 Animate Armour           Summ/Erth      Unusable   N/A       N/A         4
 Summon Ice Beast         Ice/Summ       Unusable   N/A       N/A         4

Dungeon Overview and Level Annotations

Branches:
Dungeon (12/15)            Temple (1/1) D:4            Lair (2/5) D:9
 Spider (1/4) Lair:2          Orc (0/2) D:10        Ossuary (visited)
 Bailey (visited)
  Swamp: Lair:2-3    Shoals: Lair:2-3

Altars:
Cheibriados
Elyvilon
Hepliaklqana
Kikubaaqudgha
Makhleb
Nemelex Xobeh
Okawaru
Qazlal
Ru
Sif Muna
Trog
Wu Jian
Xom
Yredelemnul
Zin
The Shining One

Shops:
D:4 !   D:5 =   D:8 ?

Annotations:
D:10 2 runed translucent doors
Lair:2 Fannar


Message History

You closely miss the orb spider.
The orb spider is almost dead.
You slice the spark wasp!!
You feel better.
You hit the redback.
You feel better.
You feel extremely sick. The redback closely misses you.
The spark wasp stings you but does no damage.
You slash the orb spider!
You feel better.
You kill the orb spider!
Okawaru accepts your kill.
You closely miss the spark wasp. You slash the redback!
You feel better.
You kill the redback!
Okawaru accepts your kill.
You feel very sick.
The orb spider weaves a glowing orb of energy.
The spark wasp stings you! The spark wasp shocks you!
An orb of destruction comes into view.
The spark wasp attacks as you move away!
The spark wasp closely misses you.
You feel very sick.
A steelbarb worm comes into view.
The orb of destruction hits you!!!
* * * LOW HITPOINT WARNING * * *
The spark wasp stings you.
* * * LOW HITPOINT WARNING * * *
The spark wasp shocks you!
* * * LOW HITPOINT WARNING * * *
It was a potion of heal wounds.
You feel much better.
You feel very sick.
The spark wasp stings you but does no damage.
Okay, then.
Okay, then.
The tremorstone explodes into fragments!
The burst of rock shards engulfs the orb spider!
The burst of rock shards engulfs the orb spider!!
You feel very sick. The spark wasp stings you!
* * * LOW HITPOINT WARNING * * *
The spark wasp shocks you!
You die...

#...##. ###
....... ###..##
......s ##.#..<##
.$.....
##.......##......s
#.^.......#.....
..........#s.#
.....##...○##
##..# #.@†.s# #..
#wy...# #.
#.........# .
....###....##
...#... #......
##!... ##.....
..... .^... ......
##^... #... #..


You could see a steelbarb worm, a spark wasp, an orb spider and a tarantella.

Vanquished Creatures
  3 two-headed ogres
  Urug (D:10)
  Nergalle (D:10)
  3 skeletal warriors (D:10)
  An orb spider (Spider:1)
  A lindwurm (Lair:2)
  An orc knight (Bailey)
  A manticore (D:12)
  2 ugly things (D:12)
  4 cane toads
  A torpor snail (Lair:2)
  2 gargoyles
  3 unseen horror zombies (D:9)
  5 komodo dragons
  2 hornets
  3 dream sheep (Lair:2)
  2 jumping spiders (Lair:2)
  4 culicivoras (Lair:2)
  3 wyverns
  46 yaks
  2 wraiths
  Eustachio (D:6)
  6 redbacks
  3 vampire mosquitoes (D:12)
  2 steam dragons
  3 acid dragons
  6 water moccasins
  An ice beast (D:7)
  11 orc warriors
  5 black bears
  2 ogres (D:6)
  9 wolves (Lair:1)
  5 centaurs
  9 bullfrogs
  A gnoll sergeant (D:8)
  5 scorpions
  10 wights
  10 killer bees
  10 howler monkeys
  7 centaur zombies (D:9)
  An electric eel (Lair:2)
  2 jellies
  4 orc priests
  2 hounds
  2 iguanas
  13 orc wizards
  A sleepcap (D:6)
  A killer bee zombie (D:9)
  3 mummies (Ossuary)
  5 howler monkey zombies (D:9)
  18 gnolls
  3 adders (D:3)
  A shadow imp (D:6)
  2 white imps (D:6)
  2 adder zombies (Ossuary)
  4 worms (D:2)
  4 dart slugs
  38 orcs
  9 ball pythons
  7 bats
  5 endoplasms
  4 giant cockroaches
  8 goblins
  10 hobgoblins
  6 jackals
  A quokka (D:1)
  2 frilled lizards (D:1)
  3 goblin zombies (Ossuary)
  2 hobgoblin zombies (Ossuary)
  A jackal zombie (D:4)
  8 kobolds
  4 kobold zombies (Ossuary)
  3 quokka zombies (Ossuary)
  6 rats
  4 rat zombies (Ossuary)
386 creatures vanquished.

Vanquished Creatures (others)
  An orc warrior (Bailey)
1 creature vanquished.

Grand Total: 387 creatures vanquished

Notes
Turn   | Place    | Note
-------+----------+-------------------------------------------
     0 | D:1      | monsoonserge the Hill Orc Fighter began the quest for the
                  | Orb.
     0 | D:1      | Reached XP level 1. HP: 19/19 MP: 1/1
   141 | D:1      | Reached XP level 2. HP: 27/27 MP: 2/2
   510 | D:1      | Reached XP level 3. HP: 33/33 MP: 3/3
   542 | D:1      | Reached skill level 3 in Axes
   819 | D:2      | Reached XP level 4. HP: 33/40 MP: 4/4
   835 | D:2      | Reached skill level 4 in Axes
   866 | D:2      | Reached skill level 1 in Dodging
  1411 | D:2      | Reached skill level 5 in Fighting
  1411 | D:2      | Reached XP level 5. HP: 38/48 MP: 5/5
  1510 | D:3      | Found a sacrificial altar of Ru.
  1591 | D:3      | Found a bloodstained altar of Trog.
  1593 | D:3      | Found a basalt altar of Yredelemnul.
  1757 | D:3      | Identified the +1 ring mail "Aptoh" {rN+ Str-4 Dex+4}
  1804 | D:3      | Reached skill level 5 in Axes
  1810 | D:3      | Reached XP level 6. HP: 26/56 MP: 6/6
  1930 | D:3      | Found a shimmering blue altar of Sif Muna.
  2173 | D:4      | Found Goni Las's Distillery.
  2184 | D:4      | Bought a potion of curing for 42 gold pieces
  2210 | D:4      | Found a staircase to the Ecumenical Temple.
  2214 | Temple   | Entered the Ecumenical Temple
  2226 | Temple   | Became a worshipper of Warmaster Okawaru
  2369 | D:4      | Found a sand-covered staircase.
  2390 | Ossuary  | Entered an ossuary
  2663 | D:4      | Reached XP level 7. HP: 59/66 MP: 7/7
  2942 | D:5      | Entered Level 5 of the Dungeon
  2980 | D:5      | Reached * piety under Okawaru
  3085 | D:5      | Found a snail-covered altar of Cheibriados.
  3092 | D:5      | Found a burning altar of Makhleb.
  3242 | D:5      | Reached skill level 1 in Invocations
  3248 | D:5      | Reached XP level 8. HP: 31/78 MP: 7/9
  3516 | D:5      | Found Etuts's Jewellery Shoppe.
  3666 | D:5      | Reached ** piety under Okawaru
  3768 | D:6      | Reached skill level 10 in Fighting
  4129 | D:6      | Noticed Eustachio
  4138 | D:6      | Reached skill level 5 in Invocations
  4145 | D:6      | Killed Eustachio
  4145 | D:6      | Reached *** piety under Okawaru
  4146 | D:6      | Reached XP level 9. HP: 58/89 MP: 11/13
  4936 | D:7      | Reached skill level 6 in Axes
  5395 | D:7      | Reached skill level 1 in Throwing
  5453 | D:7      | Found a glowing silver altar of Zin.
  5454 | D:7      | Found a glowing golden altar of the Shining One.
  5454 | D:7      | Found a white marble altar of Elyvilon.
  6028 | D:8      | Reached skill level 7 in Axes
  6137 | D:8      | Noticed a hornet
  6140 | D:8      | Paralysed by a hornet for 2 turns
  6146 | D:8      | Killed a hornet
  6146 | D:8      | Reached **** piety under Okawaru
  6381 | D:8      | Reached skill level 8 in Axes
  6489 | D:8      | Found a shimmering altar of Xom.
  6496 | D:8      | Reached skill level 5 in Armour
  6587 | D:8      | Found an ancient bone altar of Kikubaaqudgha.
  6671 | D:8      | Reached XP level 10. HP: 76/99 MP: 14/14
  6686 | D:8      | Found The Oracle's Delphic Readings.
  6691 | D:8      | Bought a scroll of teleportation for 36 gold pieces
  7008 | D:8      | Found an ornate altar of the Wu Jian Council.
  7079 | D:9      | Noticed a two-headed ogre
  7132 | D:9      | Reached skill level 9 in Axes
  7173 | D:9      | Found a staircase to the Lair.
  7241 | D:9      | Killed a two-headed ogre
  7242 | D:9      | Reached skill level 10 in Axes
  7244 | D:9      | Reached ***** piety under Okawaru
  7344 | D:9      | Reached skill level 11 in Axes
  7588 | D:9      | Reached skill level 12 in Axes
  8176 | D:10     | Entered Level 10 of the Dungeon
  8196 | D:10     | Found a staircase to the Orcish Mines.
  8216 | D:10     | Found a stormy altar of Qazlal.
  8296 | D:10     | Reached XP level 11. HP: 31/106 MP: 16/16
  8300 | D:10     | Found a runed translucent door.
  8301 | D:10     | Noticed a fire dragon
  8304 | D:10     | Noticed an ice dragon
  8304 | D:10     | Found the +2 shield of Resistance {rF++ rC++ Will++}
  8305 | D:10     | Noticed an ice dragon
  8306 | D:10     | Noticed a fire dragon
  8425 | D:10     | Noticed Urug
  8451 | D:10     | Killed Urug
  8522 | D:10     | Found a runed translucent door.
  8532 | D:10     | Noticed Nergalle
  8564 | D:10     | Killed Nergalle
  8564 | D:10     | Received a gift from Okawaru
  8565 | D:10     | Reached skill level 13 in Axes
  8622 | D:10     | Found a flagged portal.
  8655 | Bailey   | Entered a bailey
  9112 | Bailey   | Identified the +2 cloak of the Shore {Drain +Blink Int+3}
                  | (Okawaru gifted it to you in a bailey)
  9112 | Bailey   | Received a gift from Okawaru
  9129 | Bailey   | Found a roughly hewn altar of Beogh.
  9129 | Bailey   | Noticed an orc knight
  9152 | Bailey   | Killed an orc knight
  9170 | Bailey   | Identified the +6 bardiche "Mify" {flame, rPois}
  9527 | D:10     | Reached skill level 5 in Shields
  9527 | D:10     | Reached skill level 1 in Evocations
  9886 | D:11     | Noticed a skeletal warrior
  9960 | D:11     | Noticed a two-headed ogre
  9960 | D:11     | Noticed a skeletal warrior
  9960 | D:11     | Noticed a skeletal warrior
  9968 | D:10     | Killed a two-headed ogre
  9969 | D:10     | Reached skill level 14 in Axes
 10084 | D:10     | Killed a skeletal warrior
 10176 | D:10     | Killed a skeletal warrior
 10254 | D:10     | Killed a skeletal warrior
 10656 | D:11     | Reached XP level 12. HP: 115/115 MP: 18/18
 10658 | D:11     | Reached skill level 15 in Axes
 11354 | D:12     | Reached ****** piety under Okawaru
 11354 | D:12     | Identified the +0 pair of gloves "Taskoh" {rPois Int-5
                  | Dex+2} (Okawaru gifted it to you on level 12 of the
                  | Dungeon)
 11354 | D:12     | Received a gift from Okawaru
 11460 | D:12     | Found a stormy altar of Qazlal.
 11617 | D:12     | Noticed a two-headed ogre
 11628 | D:12     | Killed a two-headed ogre
 11629 | D:12     | Reached skill level 16 in Axes
 12103 | Lair:1   | Entered Level 1 of the Lair of Beasts
 12890 | Lair:1   | Reached XP level 13. HP: 115/124 MP: 19/19
 13170 | Lair:2   | Identified the +2 hand axe "Caicuock" {protect, Drain rN+
                  | Str+2}
 13188 | Lair:2   | Reached skill level 5 in Evocations
 13199 | Lair:2   | Received a gift from Okawaru
 13608 | Lair:2   | Noticed Fannar
 13747 | Lair:2   | Found a hole to the Spider Nest.
 13968 | Spider:1 | Entered Level 1 of the Spider Nest
 14078 | Spider:1 | Noticed a spark wasp
 14086 | Spider:1 | Slain by a spark wasp

Illustrated notes

Levels and vault maps discovered:
D:1:      psy_arrival_conway, layout_loops_ring
D:2:      layout_rooms
D:3:      layout_rooms, nicolae_overflow_hidden_temple,
          nicolae_ru_sacrificial_ziggurat, led_sif_book, eino_tiny_chamber,
          hangedman_abyss_or_decor_stabs
D:4:      layout_rooms, minmay_temple_entry_steel_oval, serial_shops, shop,
          enter_ossuary_3
D:5:      layout_loops_cross, minitemple, serial_shops, shop
D:6:      layout_basic, uniq_eustachio
D:7:      layout_basic, good_gods_mini_temple, solitary_fountain
D:8:      layout_loops_ring, marbit_many_paths, mainiacjoe_overflow_alcove_1,
          xom_butterflies, nicolae_nh_oracle_at_delphi
D:9:      layout_small_grid, dpeg_oklobed_lair, serial_undead, serial_undead_b,
          serial_undead_c, serial_undead_d, serial_undead_c, serial_undead_d,
          serial_undead_e, serial_undead_c, serial_undead_c, serial_undead_f,
          serial_undead_d
D:10:     layout_roguey, lemuel_tele_altar, orc_0_dummy, enter_bailey_7,
          minmay_guarded_unrand_resistance, uniq_nergalle, uniq_urug
D:11:     layout_cave_pools
D:12:     layout_roguey, nicolae_qazlal_scattered_showers
Temple:   hellmonk_temple_forest_ring
Lair:1:   layout_roguey
Lair:2:   layout_long_grid, minmay_shoals_entry_hut,
          hellmonk_spider_entry_life_and_decay, chequers_serial_rivers_small_b,
          lemuel_fruit_fields, serial_bayou_shore_a, uniq_fannar
Spider:1: cheibrodos_spider_deadly_dance, uniq_nikola

Skill      XL: |  1  2  3  4  5  6  7  8  9 10 11 12 13 |
---------------+----------------------------------------+-----
Fighting       | 4 5 7 9 11 12 13 14 | 14.9
Axes           | 3 4 5 8 12 14 16 | 16.9
Dodging        | 1 |  1.0
Armour         | 4 5 6 7 9 |  9.9
Shields        | 4 5 6 |  6.7
Invocations    | 2 5 6 8 9 |  9.0
Throwing       | 1 2 |  2.3
Evocations     | 2 4 5 |  5.5
Stealth        | |  0.6

Action                     |  1- 3 |  4- 6 |  7- 9 | 10-12 | 13-15 || total
---------------------------+-------+-------+-------+-------+-------++-------
  Melee: War axe           |    96 |   175 |   219 |   734 |   186 ||  1410
  Throw: Dart              |       |       |    14 |     1 |       ||    15
         Boomerang         |       |       |     1 |     5 |       ||     6
         Javelin           |       |       |     1 |       |       ||     1
 Invoke: Heroism           |       |       |       |     5 |     1 ||     6
  Evoke: Tin of tremorston |       |       |       |       |     1 ||     1
    Use: Potion            |       |       |       |       |     1 ||     1
 Armour: Scale mail        |    23 |       |       |       |       ||    23
         Chain mail        |       |    75 |    89 |   105 |       ||   269
         Plate armour      |       |       |       |   215 |    82 ||   297
  Dodge: Dodged            |    77 |    87 |   143 |   436 |   104 ||   847
  Block: Buckler           |    21 |    32 |    50 |   174 |    40 ||   317
